AoeStats
← ZIV_83tw

Arabia

510729015Analyzed
4v4 RM · 18h ago on Oct 2, 2026· 26m 1s· 8 players
Game mode
Random Map
Map size
Large (8 player)
Population
200
Speed
Normal
Resources
Standard
Victory
Conquest
Starting age
Dark Age
Ending age
Imperial Age
RankedLock teamsTeams togetherTeam positionsShared explorationLock speedFull tech treeHidden civsTurbo modeCheats
Victory
Defeat
🇨🇳 Japanese · China
818
+14
🇨🇳 Franks · China
771
+16
🇹🇼 Burgundians · Taiwan
765
+16
🇱🇰 Shu · Sri Lanka
729
+17
🇦🇷 Mongols · Argentina
843
-19
🇸🇬 Huns · Singapore
842
-19
🇨🇳 Persians · China
710
-14
🇮🇳 Khmer · India
658
-11
ZIV_83tw
9:55 Feudal Age
10:52 Double-Bit Axe
12:04 Loom
15:08 Horse Collar
19:31 Castle Age
18:07 Bow Saw
21:43 Stone Mining
22:37 Forging
23:51 Heavy Plow
25:51 Wheelbarrow
bnana2K
0:38 Loom
13:25 Feudal Age
18:28 Forging
21:02 Scale Mail Armor
20:51 Arson
21:55 Man-at-Arms
ovo3000wh
11:51 Feudal Age
18:25 Forging
21:12 Castle Age
20:19 Scale Mail Armor
20:24 Loom
21:24 Double-Bit Axe
21:32 Stone Mining
21:16 Pikeman
22:28 Scale Barding Armor
23:32 Squires
24:15 Husbandry
24:17 Town Watch
24:18 Light Cavalry
26:32 Wheelbarrow
achalaayesh
5:30 Loom
12:16 Feudal Age
15:27 Padded Archer Armor
15:21 Fletching
23:05 Castle Age
20:59 Double-Bit Axe
21:01 Horse Collar
21:17 Gold Mining
21:28 Stone Mining
24:52 Bow Saw
24:42 Crossbowman
26:33 Wheelbarrow
26:18 Caravan
Inferno-_-
11:22 Feudal Age
11:57 Double-Bit Axe
12:13 Horse Collar
13:57 Bloodlines
13:58 Forging
Soldaris
1:55 Loom
9:29 Feudal Age
10:04 Double-Bit Axe
10:58 Wheelbarrow
12:30 Horse Collar
15:46 Gold Mining
17:15 Fletching
20:19 Castle Age
18:49 Scale Mail Armor
21:12 Bow Saw
21:05 Heavy Plow
21:32 Stone Mining
22:22 Hand Cart
thelastjedi7118
13:07 Feudal Age
14:36 Wheelbarrow
13:57 Double-Bit Axe
15:09 Horse Collar
17:02 Gold Mining
17:06 Stone Mining
24:26 Castle Age
wangye.kl5
4:57 Loom
12:11 Feudal Age
12:30 Horse Collar
12:38 Double-Bit Axe
13:31 Wheelbarrow
20:32 Castle Age
21:35 Husbandry
22:04 Gold Mining
23:36 Heavy Plow
Connection lost

Rejoining the realm…

Still unreachable

The connection could not be restored.

Session expired

The server has moved on; the page needs a fresh start.